 Dungeon Crawl Stone Soup version 0.27.0 (webtiles) character file.

Game seed: 1109454110856026667

11 backslashecho the Skirmisher (level 2, -4/19 HPs)
             Began as a Gargoyle Berserker on July 31, 2021.
             Was a Follower of Trog.
             Slain by a gnoll (8 damage)
             ... on level 1 of the Dungeon.
             The game lasted 00:01:18 (291 turns).

backslashecho the Skirmisher (Gargoyle Berserker)    Turns: 291, Time: 00:01:19

Health: -4/19      AC:  6    Str: 20    XL:     2   Next: 29%
Magic:  2/2        EV: 11    Int:  7    God:    Trog [*.....]
Gold:   24         SH:  0    Dex:  9    Spells: 1/1 levels left

rFire    . . .     SeeInvis .   a - +0 hand axe
rCold    . . .     Faith    .   (no shield)
rNeg     + . .     Spirit   .   b - +0 animal skin
rPois    ∞         Reflect  .   (no helmet)
rElec    +         Harm     .   (no cloak)
rCorr    .         Rampage  .   (no gloves)
Will     .....                  c - +0 pair of boots
Stlth    +.........             (no amulet)
HPRegen  0.06/turn              (no ring)
MPRegen  0.08/turn              (no ring)

@: no status effects
A: sickness immunity, AC +2, negative energy resistance 1, electricity
resistance, torment resistance 1, petrification resistance
a: Renounce Religion, Berserk


You were on level 1 of the Dungeon.
You worshipped Trog.
Trog was aware of your devotion.
You visited 1 branch of the dungeon, and saw 1 of its levels.

You collected 24 gold pieces.

Inventory:

Hand Weapons
 a - a +0 hand axe (weapon)
Armour
 b - a +0 animal skin (worn)
 c - a +0 pair of boots (worn)


   Skills:
 + Level 3.4 Fighting
 * Level 3.0 Axes
 + Level 2.4 Armour
 - Level 1.5 Dodging
 + Level 0.5 Unarmed Combat


You had one spell level left.
You didn't know any spells.
Your spell library was empty.

Dungeon Overview and Level Annotations

Branches:
Dungeon (1/15)

Altars:


Innate Abilities, Weirdness & Mutations

You are immune to sickness and miasma.
Your stone body is resilient. (AC +2)
You are immune to poison.
You resist negative energy. (rN+)
You are resistant to electric shocks. (rElec)
You are resistant to unholy torment.
You are immune to petrification.


Message History

Health restored: 19 An endoplasm is nearby!
An endoplasm is nearby!
You see here 11 gold pieces.
You now have 24 gold pieces (gained 11).
You hit the endoplasm.
The endoplasm is heavily wounded.
The endoplasm freezes you.
You are frozen.
You take 4 damage, and have 15/19 hp.
MASSIVE DAMAGE!!
You hit the endoplasm.
You kill the endoplasm!
Trog accepts your kill.
Your Axes skill increases to level 3!
No target in view!
No target in view!
A gnoll comes into view. It is wielding a +0 flail.
Health restored: 19 A gnoll is nearby!
A gnoll is nearby!
The gnoll shouts!
A bat comes into view.
The gnoll barely misses you.
You closely miss the gnoll. The gnoll hits you with a +0 flail!
You take 7 damage, and have 12/19 hp.
MASSIVE DAMAGE!!
You barely miss the gnoll. You hit the bat. The bat closely misses you.
The bat hits you but does no damage. The gnoll hits you with a +0 flail!
* * * LOW HITPOINT WARNING * * *
You take 8 damage, and have 4/19 hp.
MASSIVE DAMAGE!!
You hit the gnoll.
The gnoll is lightly wounded.
You hit the bat.
You kill the bat!
Trog accepts your kill. The gnoll hits you but does no damage.
You are too injured to fight recklessly!
You hit the gnoll.
The gnoll is moderately wounded.
The gnoll hits you with a +0 flail!
You die...

### # #.. .# ##.###.#####
### #####...#g...... ..
........@.# .# #.
####....†# ##.####.#
##.#..# #......#
#.#..######..##.##
#########................#
.............####.......#
###########.#####.......#
#.............#
#####.>.......#


You could see a gnoll.

Vanquished Creatures
  A ball python (D:1)
  A bat (D:1)
  An endoplasm (D:1)
  A giant cockroach (D:1)
  A goblin (D:1)
  A hobgoblin (D:1)
  A kobold (D:1)
  A quokka (D:1)
  A frilled lizard (D:1)
9 creatures vanquished.

Notes
Turn   | Place    | Note
-------+----------+-------------------------------------------
     0 | D:1      | backslashecho the Gargoyle Berserker began the quest for
                  | the Orb.
     0 | D:1      | Reached XP level 1. HP: 14/14 MP: 1/1
    92 | D:1      | Reached XP level 2. HP: 14/19 MP: 2/2
   291 | D:1      | Slain by a gnoll

Illustrated notes

Levels and vault maps discovered:
D:1:      dpeg_arrival_rooms_with_view, layout_loops_ring, serial_shops,
          nicolae_lakefront_shop

Skill      XL: |  1  2 |
---------------+-------+-----
Axes           | 3 |  3.0
Fighting       | |  3.4
Armour         | |  2.4
Dodging        | |  1.5
Unarmed Combat | |  0.5

Action                   || total
-------------------------++-------
Melee: Hand axe          ||    18
Armor: Animal skin       ||     6
Dodge: Dodged            ||     8
